 Dungeon Crawl Stone Soup version 0.29-a0-341-g24ffce5b50 (webtiles) character file.

Game seed: 14306671627139624755

192 KateM the Grasshopper (level 5, -1/46 HPs)
             Began as a Naga Warper on Apr 20, 2022.
             Was an Initiate of Cheibriados.
             Killed by nerve-wracking pain
             ... invoked by an orc priest
              (9 damage)
             ... on level 4 of the Dungeon.
             The game lasted 00:05:05 (4283 turns).

KateM the Grasshopper (Naga Warper)                 Turns: 4283, Time: 00:05:05

Health: -1/46      AC:  5    Str: 16    XL:     5   Next: 71%
Magic:  15/17      EV:  9    Int: 21    God:    Cheibriados [......]
Gold:   275        SH:  5    Dex: 11    Spells: 7/9 levels left

rFire   . . .      SeeInvis +   a - +0 falchion
rCold   . . .      Faith    .   (no shield)
rNeg    . . .      Spirit   .   q - +0 ring mail
rPois   +          Reflect  +   (no helmet)
rElec   .          Harm     .   (no cloak)
rCorr   .          Rampage  .   f - +0 pair of gloves
Will    .....                   (no barding)
Stlth   +.........              i - amulet of reflection
HPRegen 0.15/turn               j - +6 ring of intelligence
MPRegen 0.15/turn               k - ring of magical power

@: on blink cooldown, very slow
A: AC +1, large, see invisible, deformed body, poison resistance, slowness 2,
spit poison 1, naga tail 1
a: Spit Poison, Renounce Religion


You were on level 4 of the Dungeon.
You worshipped Cheibriados.
Cheibriados was noncommittal.
You visited 1 branch of the dungeon, and saw 4 of its levels.

You collected 275 gold pieces.

Inventory:

Hand Weapons
 a - a +0 falchion (weapon)
Missiles
 d - 7 boomerangs of dispersal (quivered)
 m - a throwing net
Armour
 f - a +0 pair of gloves (worn)
 q - a +0 ring mail (worn)
Jewellery
 i - an amulet of reflection (around neck)
 j - a +6 ring of intelligence (left hand)
 k - a ring of magical power (right hand)
Scrolls
 g - 3 scrolls of teleportation
 h - 3 scrolls of enchant armour
 n - 3 scrolls of identify
 o - a scroll of immolation {unknown}
 p - a scroll of magic mapping {unknown}
Potions
 b - a potion of resistance {unknown}
 e - a potion of might
 l - a potion of brilliance


   Skills:
 + Level 2.7 Fighting
 * Level 3.5 Long Blades
 - Level 0.8 Throwing
 + Level 1.6 Armour
 + Level 2.3 Dodging
 + Level 2.6 Spellcasting
 + Level 3.5 Translocations


You had 7 spell levels left.
You knew the following spells:

 Your Spells              Type           Power      Damage    Failure   Level
a - Blink                 Tloc           34%        N/A       9%          2

Your spell library contained the following spells:

 Spells                   Type           Power      Damage    Failure   Level
 Apportation              Tloc           34%        N/A       6%          1
 Gell's Gravitas          Tloc           17%        N/A       19%         3
 Lesser Beckoning         Tloc           17%        N/A       19%         3
 Teleport Other           Tloc           17%        N/A       19%         3
 Animate Skeleton         Necr           4%         N/A       26%         1
 Shock                    Conj/Air       8%         1d3       26%         1
 Summon Small Mammal      Summ           8%         N/A       26%         1
 Manifold Assault         Tloc           17%        N/A       86%         5


Dungeon Overview and Level Annotations

Branches:
Dungeon (4/15)
 Temple: D:4-7

Altars:
Cheibriados
Dithmenos


Innate Abilities, Weirdness & Mutations

Your serpentine skin is tough. (AC +1)
You have supernaturally acute eyesight. (SInv)
Armour fits poorly on your strangely shaped body.
Your system is resistant to poisons. (rPois)
You cover ground very slowly.
You can spit poison.
You have a snake-like lower body.


Message History

The orc priest calls down the wrath of Beogh upon you.
Pain shoots through your body!
You are too injured to fight recklessly!
Unknown command.
You are too injured to fight recklessly!
You are too injured to fight recklessly!
You are too injured to fight recklessly!
You are too injured to fight recklessly!
You are too injured to fight recklessly!
You are too injured to fight recklessly!
You hit the orc wizard.
The orc wizard is moderately wounded.
The orc wizard hits you with a +0 dagger.
The orc hits you with a +0 hand axe. You block the orc priest's attack.
You closely miss the orc priest.
The orc wizard hits you with a +0 dagger.
* * * LOW HITPOINT WARNING * * *
The orc hits you with a +0 hand axe.
* * * LOW HITPOINT WARNING * * *
The orc priest hits you but does no damage.
You hit the orc priest but do no damage.
The orc misses you.
The orc wizard hits you with a +0 dagger.
* * * LOW HITPOINT WARNING * * *
The orc priest hits you with a +0 short sword.
* * * LOW HITPOINT WARNING * * *
Unknown command.
Casting: Blink (safe; 9% risk of failure)
Confirm with . or Enter, or press ? or * to list all spells.
You blink.
Unknown command.
Unknown command.
Blink to where?
Press: ? - help, Dir - move target
As you read the scroll of blinking, it crumbles to dust.
The orc wizard gestures wildly while chanting.
The orc wizard flickers and vanishes for a moment.
The orc priest mumbles some strange prayers to Beogh against you.
Pain shoots through your body!
You die...

#.##.............######.......###
...............<## ##.####.##
#.####...##...#.# #.......# #.#
##.##......# #...#####
..#####.##......# #.§.#
........##......# #...#
........##......######...######
<.............#.#.............##
.....†.....#.##.@...oo..§.......
.......#####.####....o........##
.......# #.# ######...######
#......#####.# #.....
####.......#.# #....# #.#####.#.#
#....# #.#####.#.# #..... ##
#.##...)..# #.#### .###.##.##.###


You could see an orc priest, an orc wizard (invisible) and an orc.

Vanquished Creatures
  A sky beast (D:3)
  4 adders
  A worm (D:3)
  2 dart slugs
  3 orcs
  6 ball pythons
  5 endoplasms
  5 giant cockroaches
  7 goblins
  4 hobgoblins
  2 kobolds (D:1)
  A quokka (D:2)
  7 bats
  A frilled lizard (D:1)
  4 rats
53 creatures vanquished.

Notes
Turn   | Place    | Note
-------+----------+-------------------------------------------
     0 | D:1      | KateM the Naga Warper began the quest for the Orb.
     0 | D:1      | Reached XP level 1. HP: 19/19 MP: 3/3
    94 | D:1      | Reached XP level 2. HP: 9/26 MP: 5/5
   360 | D:1      | Found a faded altar of an unknown god.
   367 | D:1      | Got Plato's Almanac of Feathers
   377 | D:1      | Reached skill level 1 in Armour
   960 | D:1      | Learned a level 2 spell: Blink
  1141 | D:2      | Reached XP level 3. HP: 30/32 MP: 6/6
  1561 | D:2      | Found a shadowy altar of Dithmenos.
  2079 | D:2      | Reached XP level 4. HP: 28/39 MP: 7/7
  2620 | D:3      | Noticed a sky beast
  2637 | D:3      | Killed a sky beast
  2638 | D:3      | Reached XP level 5. HP: 8/46 MP: 8/8
  3590 | D:3      | Found a snail-covered altar of Cheibriados.
  3602 | D:3      | Became a worshipper of Cheibriados the Contemplative
  4283 | D:4      | Killed from afar by an orc priest

Illustrated notes

Levels and vault maps discovered:
D:1:      mrwooster_arrival_arrow, layout_basic,
          shapermc_ecumenical_altar_rom_forum, serial_aquarium,
          aquarium_bridge_square [aquarium_subvault_bridge,
          aquarium_subvault_window, aquarium_subvault_bridge,
          aquarium_subvault_wall], aquarium_bridge_square
          [aquarium_subvault_window, aquarium_subvault_wall,
          aquarium_subvault_bridge, aquarium_subvault_bridge],
          aquarium_window_2, aquarium_window_fake, aquarium_view_2d,
          aquarium_view_2c, chequers_garden
D:2:      layout_basic, basic_altar, solitary_fountain,
          amcnicky_mini_pool_small, due_unseen_surprise
D:3:      layout_loops_ring, mainiacjoe_overflow_alcove_2
D:4:      layout_loops_cross, item_on_display_a

Skill      XL: |  1  2  3  4 |
---------------+-------------+-----
Armour         | 1 |  1.6
Dodging        | 2 |  2.3
Long Blades    | 3 |  3.5
Fighting       | |  2.7
Throwing       | |  0.8
Spellcasting   | |  2.6
Translocations | |  3.5

Action                   |  1- 3 |  4- 6 || total
-------------------------+-------+-------++-------
Melee: Falchion          |   102 |   117 ||   219
 Cast: Blink             |       |     2 ||     2
 Abil: Spit Poison       |     1 |     2 ||     3
  Use: Scroll            |       |     6 ||     6
       Potion            |       |     2 ||     2
Armor: Leather armour    |    30 |    25 ||    55
       Ring mail         |       |    11 ||    11
Dodge: Dodged            |    45 |    61 ||   106
Block: Other             |     3 |    25 ||    28

Table legend: (Time is in decaauts)
 A = Elapsed time spent in this place.
 B = Non-inter-level travel time spent in this place.
 C = Inter-level travel time spent in this place.
 D = Time resting spent in this place.
 E = Time spent auto-exploring this place.
 F = Levels seen in this place.
 G = Mean time per level.
                   A        B        C        D        E       F      G
               +--------+--------+--------+--------+--------+-----+--------+
         Total |   5281 |   5281 |      0 |    633 |   3923 |   4 | 1320.2 |
       Dungeon |   5281 |   5281 |      0 |    633 |   3923 |   4 | 1320.2 |
               +--------+--------+--------+--------+--------+-----+--------+

Top non-repeatable levels by time:
     D:3: 1914 daAuts
     D:2: 1677 daAuts
     D:1: 1294 daAuts
     D:4: 395 daAuts
